 Dungeon Sprint DCSS version 0.31-a0-626-g8143ab4f1d (webtiles) character file.

Game seed: 937257556908531560

128 rocky1 the Slasher (level 5, 0/41 HPs)
             Began as a Djinni Gladiator on Aug 25, 2023.
             Slain by an iguana (3 damage)
             ... in the Dungeon (Sprint IX: "|||||||||||||||||||||||||||||").
             The game lasted 00:00:28 (65 turns).

rocky1 the Slasher (Djinni Gladiator)                 Turns: 65, Time: 00:00:29

Health: 0/41       AC:  4    Str: 13    XL:     5   Next: 33%
Gold:   0          EV: 15    Int:  9    God:
                   SH:  0    Dex: 17

rFire   + + .        a - +0 long sword
rCold   x . .        (no shield)
rNeg    . . .        b - +0 leather armour
rPois   ∞            c - +0 helmet
rElec   .            (no cloak)
rCorr   .            (no gloves)
SInv    .            (boots unavailable)
Will    .....        (no amulet)
Stlth   +            (no ring)
HPRegen 0.26/turn    (no ring)
MPRegen 0.00/turn

%: no teleportation, infuse magic (-1 HP)
@: flying
A: sickness immunity, fire resistance 2, cold vulnerability 1, float, innate
caster, HP casting, extra vitality 1
a: no special abilities


You were in the Dungeon.
You visited 1 branch

Inventory:

Hand Weapons
 a - a +0 long sword (weapon)
Missiles
 d - 3 throwing nets (quivered)
 e - a javelin
Armour
 b - a +0 leather armour (worn)
 c - a +0 helmet (worn)
Scrolls
 j - a scroll of blinking
Potions
 h - a potion of haste
 i - a potion of berserk rage


   Skills:
 + Level 3.9 Fighting
 * Level 6.8 Long Blades
 + Level 2.5 Throwing
 + Level 1.3 Armour
 + Level 6.2 Dodging
 + Level 0.4 Stealth


You knew the following spells:

 Your Spells              Type           Power      Damage    Failure   Level
a - Apportation           Tloc           0%         N/A       45%         1
b - Poisonous Vapours     Pois/Air       0%         N/A       61%         2
Your spell library was empty.

Dungeon Overview and Level Annotations

Branches:
Dungeon (1/1)

Altars:


Innate Abilities, Weirdness & Mutations

You are immune to sickness and miasma.
You are immune to poison.
Your flesh is very heat resistant. (rF++)
You are vulnerable to cold. (rC-)
You float through the air rather than walking.
You learn spells naturally, not from books.
Your magical power is your life essence.
You have superior vitality. (+4 MHP)


Message History

You slash the scorpion!
You kill the scorpion!
Your Long Blades skill increases to level 6!
Your Armour skill increases to level 1!
Your Dodging skill increases to level 6!
You have reached level 5!
The power to cast Poisonous Vapours wells up from within.
Spell assigned to 'b'.
You completely miss the iguana. The iguana misses you.
The iguana closely misses you.
You hit the iguana.
The iguana is moderately wounded.
The iguana barely misses you.
You barely miss the iguana.
The iguana is moderately wounded.
The iguana misses you.
You hit the iguana but do no damage.
The iguana is moderately wounded.
The iguana bites you.
You barely miss the iguana.
The iguana is moderately wounded.
The iguana closely misses you.
You closely miss the iguana.
The iguana is moderately wounded.
The iguana misses you.
You closely miss the iguana.
The iguana is moderately wounded.
The iguana bites you!
* * * LOW HITPOINT WARNING * * *
You hit the iguana.
The iguana is heavily wounded.
The iguana barely misses you.
You completely miss the iguana.
The iguana is heavily wounded.
The iguana bites you.
* * * LOW HITPOINT WARNING * * *
You hit the iguana.
The iguana is heavily wounded.
The iguana bites you.
You die... ▓▓▓▓▓▓▓▓▓▓▓▓▓▓▓▓▓▓ +.....l@....†...<▓ ▓▓▓▓▓▓▓▓▓▓▓▓▓▓▓▓▓▓

You could see an iguana.

Vanquished Creatures
  A scorpion (D)
  2 iguanas (D)
  An adder (D)
  A ball python (D)
  An endoplasm (D)
  2 hobgoblins (D)
  A rat (D)
9 creatures vanquished.

Notes
Turn   | Place    | Note
-------+----------+-------------------------------------------
     0 | D        | rocky1 the Djinni Gladiator began the quest for the Orb.
     0 | D        | Reached XP level 1. HP: 18/18 MP: 0/0
    15 | D        | Reached XP level 2. HP: 19/23 MP: 0/0
    35 | D        | Noticed a scorpion
    40 | D        | Reached XP level 3. HP: 16/29 MP: 0/0
    40 | D        | Learned a level 1 spell: Apportation
    44 | D        | Reached skill level 5 in Long Blades
    44 | D        | Reached skill level 5 in Dodging
    44 | D        | Reached XP level 4. HP: 15/35 MP: 0/0
    55 | D        | Killed a scorpion
    56 | D        | Reached skill level 1 in Armour
    56 | D        | Reached XP level 5. HP: 22/41 MP: 0/0
    56 | D        | Learned a level 2 spell: Poisonous Vapours
    65 | D        | Slain by an iguana

Illustrated notes

Levels and vault maps discovered:
D:        linesprint [early_d, line_temple, items_1, d_10, items_2, lair_1,
          lair_end, items_3, orc_1, orc_end, items_4, d_15, swamp_1, shoals_1,
          snake_1, spider_1, d_20, vaults_1, items_5, swamp_end, shoals_end,
          snake_end, spider_end, vaults_end, d_27, items_6, zot_1, zot_end,
          crypt_end, forest_end, elf_end, slime_end, tomb_end, abyss_end,
          pan_hell_end]

Skill      XL: |  1  2  3  4 |
---------------+-------------+-----
Long Blades    | 3 4 5 6 |  6.8
Throwing       | 2 |  2.5
Dodging        | 4 5 6 |  6.2
Fighting       | 3 |  3.9
Armour         | 1 |  1.3
Stealth        | |  0.4

Action                     |  1- 3 |  4- 6 || total
---------------------------+-------+-------++-------
  Melee: Long sword        |    19 |    20 ||    39
    Use: Potion            |       |     2 ||     2
 Armour: Leather armour    |     1 |     1 ||     2
  Dodge: Dodged            |    11 |    15 ||    26

Table legend: (Time is in decaauts)
 A = Elapsed time spent in this place.
 B = Non-inter-level travel time spent in this place.
 C = Inter-level travel time spent in this place.
 D = Time resting spent in this place.
 E = Time spent auto-exploring this place.
 F = Levels seen in this place.
 G = Mean time per level.
                   A        B        C        D        E       F      G
               +--------+--------+--------+--------+--------+-----+--------+
         Total |     71 |     71 |      0 |     14 |      0 |   1 |   71.0 |
       Dungeon |     71 |     71 |      0 |     14 |      0 |   1 |   71.0 |
               +--------+--------+--------+--------+--------+-----+--------+

Top non-repeatable levels by time:
       D: 71 daAuts
